AoeStats
← [POKR]Benzunum

Oasis

509006989Analyzed
3v3 RM · 6d ago on Sep 25, 2026· 64m 39s· 6 players
Game mode
Random Map
Map size
Normal (6 player)
Population
200
Speed
Normal
Resources
Standard
Victory
Conquest
Starting age
Dark Age
Ending age
Imperial Age
RankedLock teamsTeams togetherTeam positionsShared explorationLock speedFull tech treeHidden civsTurbo modeCheats
Victory
Defeat
🇨🇴 Vietnamese · Colombia
1327
+12
🇺🇸 Burgundians · United States
1279
+14
🇨🇴 Ethiopians · Colombia
1139
+19
🇨🇴 Wei · Colombia
1242
-16
🇨🇴 Franks · Colombia
1237
-15
🇨🇴 Japanese · Colombia
1200
-14
[POKR]Benzunum
7:39 Loom
9:28 Feudal Age
9:52 Man-at-Arms
10:42 Arson
18:04 Double-Bit Axe
24:02 Castle Age
22:42 Forging
22:33 Scale Mail Armor
22:28 Gold Mining
24:06 Pikeman
26:50 Iron Casting
27:03 Squires
43:01 Gambesons
46:39 Wheelbarrow
46:24 Bow Saw
46:03 Horse Collar
49:45 Masonry
49:44 Town Watch
50:15 Hand Cart
50:47 Fortified Wall
51:37 Chain Mail Armor
52:30 Fletching
53:05 Yasama
56:15 Imperial Age
54:16 Padded Archer Armor
54:12 Bodkin Arrow
54:00 Treadmill Crane
54:35 Heavy Plow
55:02 Stone Mining
55:47 Gold Shaft Mining
55:56 Elite Skirmisher
58:00 Chemistry
57:20 Thumb Ring
57:19 Bracer
56:43 Onager
57:04 Halberdier
59:06 Two-Man Saw
58:45 Conscription
59:36 Scale Barding Armor
60:33 Blast Furnace
59:22 Light Cavalry
60:44 Husbandry
60:55 Bloodlines
61:40 Chain Barding Armor
61:30 Capped Ram
Tizon
4:14 Loom
7:57 Loom
10:32 Feudal Age
17:28 Wheelbarrow
21:28 Padded Archer Armor
26:22 Castle Age
25:17 Double-Bit Axe
26:29 Elite Skirmisher
27:35 Fletching
28:21 Stone Mining
31:28 Gold Mining
32:11 Bow Saw
33:50 Horse Collar
35:16 Bodkin Arrow
39:20 Ballistics
40:03 Fortified Wall
40:06 Masonry
45:48 Thumb Ring
46:05 Hand Cart
49:28 Imperial Age
49:07 Gold Shaft Mining
49:08 Stone Shaft Mining
48:22 Pikeman
50:53 Scale Mail Armor
57:38 Halberdier
58:19 Squires
58:33 Forging
Splattcol
8:53 Loom
12:28 Feudal Age
16:22 Castle Age
14:47 Double-Bit Axe
16:41 Fletching
17:45 Wheelbarrow
20:34 Bodkin Arrow
21:24 Padded Archer Armor
21:22 Ordonnance Companies
22:52 Bow Saw
22:59 Padded Archer Armor
24:38 Leather Archer Armor
24:52 Hand Cart
26:44 Ballistics
43:03 Imperial Age
41:50 Light Cavalry
42:31 Husbandry
43:49 Scale Barding Armor
45:10 Cavalier
46:23 Chain Barding Armor
46:14 Forging
46:13 Chivalry
46:34 Conscription
47:39 Plate Barding Armor
47:08 Paladin
48:24 Gold Mining
49:54 Iron Casting
52:56 Blast Furnace
54:49 Scale Mail Armor
Heda
10:20 Feudal Age
11:34 Loom
27:20 Castle Age
25:11 Double-Bit Axe
27:25 Gold Mining
28:12 Wheelbarrow
27:22 Crossbowman
28:29 Fletching
28:39 Padded Archer Armor
29:29 Thumb Ring
45:14 Bow Saw
45:43 Gold Shaft Mining
46:24 Hand Cart
46:53 Bodkin Arrow
47:16 Leather Archer Armor
48:36 Ballistics
52:20 Imperial Age
50:16 Fortified Wall
52:31 Caravan
54:03 Chemistry
52:26 Arbalester
53:10 Bracer
53:40 Ring Archer Armor
53:48 Ring Archer Armor
55:06 Two-Man Saw
54:49 Siege Engineers
55:12 Conscription
55:16 Torsion Engines
[InFaa] Pacho
5:52 Loom
6:12 Loom
9:12 Feudal Age
9:50 Double-Bit Axe
15:17 Fletching
22:21 Castle Age
20:35 Padded Archer Armor
20:29 Horse Collar
21:37 Gold Mining
22:22 Crossbowman
22:58 Bodkin Arrow
23:25 Bow Saw
24:24 Thumb Ring
28:14 Leather Archer Armor
30:35 Ballistics
32:21 Elite Skirmisher
35:27 Wheelbarrow
37:39 Imperial Age
36:09 Stone Mining
38:27 Bracer
39:31 Chemistry
39:09 Hand Cart
40:08 Ring Archer Armor
40:27 Town Watch
41:05 Treadmill Crane
41:45 Arbalester
42:31 Imperial Skirmisher
43:18 Heavy Plow
44:43 Hoardings
45:34 Scale Mail Armor
45:45 Forging
46:41 Two-Man Saw
47:09 Chain Mail Armor
47:24 Guard Tower
49:03 Plate Mail Armor
49:08 Iron Casting
49:02 Paper Money
50:39 Stone Shaft Mining
50:47 Scale Barding Armor
51:07 Elite Fire Lancer
51:48 Squires
52:03 Masonry
52:29 Keep
52:14 Arson
52:52 Town Patrol
53:24 Crop Rotation
53:16 Chain Barding Armor
57:10 Capped Ram
64:27 Bombard Tower
64:03 Murder Holes
Lakrini
4:20 Double-Bit Axe
9:59 Feudal Age
11:52 Bow Saw
12:29 Horse Collar
13:26 Scale Barding Armor
13:02 Horse Collar
15:59 Heavy Plow
21:06 Castle Age
19:35 Forging
19:28 Heavy Plow
19:14 Loom
20:05 Wheelbarrow
19:20 Loom
19:38 Gold Mining
21:02 Gold Shaft Mining
22:12 Chain Barding Armor
21:16 Cavalier
22:48 Husbandry
25:31 Iron Casting
32:32 Devotion
37:01 Husbandry
38:38 Hand Cart
38:09 Town Watch
43:44 Imperial Age
42:25 Ballistics
43:50 Paladin
45:09 Plate Barding Armor
46:48 Conscription
47:29 Blast Furnace
48:02 Light Cavalry
52:27 Town Patrol
52:38 Masonry
52:33 Hussar
52:57 Pikeman
53:38 Squires
53:39 Scale Mail Armor
55:34 Halberdier
56:30 Chain Mail Armor
58:31 Plate Mail Armor
58:20 Arson
Connection lost

Rejoining the realm…

Still unreachable

The connection could not be restored.

Session expired

The server has moved on; the page needs a fresh start.